AoeStats
← iAlejandrouae

Arena

508180280Analyzed
4v4 RM · 11d ago on Sep 21, 2026· 46m 17s· 8 players
Game mode
Random Map
Map size
Large (8 player)
Population
200
Speed
Normal
Resources
Standard
Victory
Conquest
Starting age
Dark Age
Ending age
Imperial Age
RankedLock teamsTeams togetherTeam positionsShared explorationLock speedFull tech treeHidden civsTurbo modeCheats
Victory
Defeat
🇺🇦 Japanese · Ukraine
1777
+4
🇦🇷 Georgians · Argentina
1701
+5
🇩🇪 Khmer · Germany
1594
+9
🇦🇷 Mapuche · Argentina
1578
+9
🇨🇳 Maya · China
1587
-11
🇨🇳 Khitans · China
1558
-10
🇮🇳 Aztecs · India
1366
-5
daumasson
11:17 Feudal Age
12:30 Loom
15:09 Castle Age
28:30 Double-Bit Axe
28:29 Horse Collar
31:56 Wheelbarrow
32:03 Bow Saw
33:16 Gold Mining
33:53 Heavy Plow
34:55 Hand Cart
34:26 Town Watch
38:39 Imperial Age
36:33 Husbandry
36:43 Bloodlines
36:52 Scale Barding Armor
37:32 Forging
38:30 Chain Barding Armor
38:58 Iron Casting
38:44 Tusk Swords
38:49 Elite Battle Elephant
39:50 Capped Ram
41:48 Plate Barding Armor
41:27 Heavy Scorpion
42:21 Scale Mail Armor
42:43 Light Cavalry
44:13 Siege Ram
Kinder
10:55 Feudal Age
14:39 Castle Age
12:48 Double-Bit Axe
13:16 Horse Collar
15:36 Bow Saw
17:02 Wheelbarrow
24:29 Loom
27:58 Imperial Age
25:48 Hand Cart
25:44 Gold Mining
25:45 Stone Mining
27:32 Gold Shaft Mining
26:58 Scale Mail Armor
27:08 Forging
27:25 Heavy Plow
28:20 Chain Mail Armor
30:34 Two-Man Saw
30:07 Plate Mail Armor
30:12 Iron Casting
29:20 Treadmill Crane
30:01 Ballistics
30:42 Chemistry
30:42 Conscription
30:27 Yasama
30:52 Guard Tower
30:47 Arrowslits
30:56 Fletching
31:51 Elite Samurai
32:37 Bodkin Arrow
34:11 Blast Furnace
33:17 Bracer
34:18 Blast Furnace
34:24 Keep
36:47 Padded Archer Armor
37:13 Masonry
40:36 Leather Archer Armor
41:03 Pikeman
41:44 Squires
43:23 Coinage
42:14 Heavy Scorpion
42:22 Halberdier
43:02 Squires
42:49 Gambesons
43:39 Caravan
43:44 Arson
44:02 Murder Holes
44:20 Siege Engineers
45:17 Banking
默默默默默
10:06 Feudal Age
13:48 Castle Age
12:39 Double-Bit Axe
12:55 Horse Collar
14:18 Loom
17:15 Loom
26:12 Wheelbarrow
26:09 Bow Saw
26:11 Heavy Plow
26:35 Gold Mining
29:47 Forging
32:09 Imperial Age
29:55 Hand Cart
30:19 Fletching
31:04 Bodkin Arrow
32:47 Iron Casting
32:49 Scale Mail Armor
32:30 Pikeman
33:11 Squires
33:17 Stone Mining
33:49 Svan Towers
34:04 Conscription
33:32 Halberdier
35:04 Stone Shaft Mining
34:50 Chain Mail Armor
34:33 Treadmill Crane
36:33 Plate Mail Armor
37:48 Blast Furnace
37:02 Guard Tower
38:00 Ballistics
38:31 Keep
37:41 Arrowslits
39:11 Bracer
40:14 Chemistry
39:51 Masonry
41:20 Bloodlines
41:11 Husbandry
40:32 Light Cavalry
41:39 Siege Engineers
43:24 Architecture
45:33 Coinage
45:52 Murder Holes
46:02 Hussar
46:42 Husbandry
46:49 Scale Barding Armor
47:23 Hoardings
iAlejandrouae
8:51 Feudal Age
7:30 Loom
10:09 Fletching
10:47 Town Watch
10:53 Double-Bit Axe
20:03 Wheelbarrow
23:24 Castle Age
21:26 Horse Collar
26:40 Bow Saw
27:25 Hand Cart
30:57 Gold Mining
31:09 Heavy Plow
35:20 Imperial Age
32:47 Bodkin Arrow
32:52 Padded Archer Armor
34:05 Gold Shaft Mining
34:04 Siphons
34:23 Ballistics
35:34 Malon
35:23 Elite Bolas Rider
37:27 Chemistry
37:34 Stone Mining
37:11 Capped Ram
38:22 Conscription
38:51 Leather Archer Armor
38:54 Butalmapu
39:58 Elite Skirmisher
40:56 Onager
43:07 Siege Engineers
44:56 Champi Runner
45:21 Arson
45:38 Scale Mail Armor
45:48 Forging
45:49 Caravan
46:05 Champi Warrior
47:02 Chain Mail Armor
47:17 Ring Archer Armor
RockAxe2
10:50 Feudal Age
9:06 Loom
13:41 Fletching
14:38 Scale Mail Armor
16:09 Horse Collar
20:11 Double-Bit Axe
22:14 Town Watch
29:00 Castle Age
29:58 Bow Saw
29:51 Heavy Plow
32:17 Bodkin Arrow
32:41 Chain Mail Armor
32:36 Forging
33:41 Wheelbarrow
37:37 Atlatl
37:11 Elite Skirmisher
37:49 Bodkin Arrow
39:17 Guard Tower
39:56 Ballistics
39:39 Padded Archer Armor
42:54 Imperial Age
41:36 Fortified Wall
42:59 Leather Archer Armor
43:20 Iron Casting
43:43 Bracer
45:40 Chemistry
45:23 Hand Cart
45:53 Arrowslits
seabed
11:25 Feudal Age
15:32 Castle Age
14:37 Double-Bit Axe
15:52 Light Cavalry
21:27 Domestication
22:51 Wheelbarrow
25:37 Bow Saw
25:25 Gold Mining
25:55 Hand Cart
27:02 Stone Mining
27:47 Loom
27:50 Town Watch
28:06 Pastoralism
28:10 Scale Mail Armor
30:50 Imperial Age
28:09 Loom
29:11 Forging
31:09 Iron Casting
30:50 Husbandry
31:03 Elite Steppe Lancer
31:56 Scale Barding Armor
32:04 Heavy Camel Rider
33:34 Chain Barding Armor
36:33 Plate Barding Armor
35:53 Capped Ram
39:31 Ordo Cavalry
39:15 Siege Ram
40:34 Fletching
41:00 Chain Mail Armor
我想给自己改个简单又不重复的名字
6:32 Loom
8:54 Feudal Age
9:34 Double-Bit Axe
11:24 Fletching
12:14 Horse Collar
16:52 Wheelbarrow
17:37 Town Watch
20:34 Gold Mining
23:21 Castle Age
24:23 Hand Cart
24:50 Bow Saw
25:16 Bow Saw
27:22 Heavy Plow
33:23 Imperial Age
33:44 Bloodlines
33:25 Cavalier
34:26 Scale Barding Armor
34:33 Forging
34:46 Conscription
35:33 Chain Barding Armor
36:15 Paladin
37:15 Bodkin Arrow
38:34 Crenellations
40:26 Iron Casting
40:28 Heavy Scorpion
43:32 Plate Barding Armor
46:01 Chemistry
45:24 Ballistics
精锐 N B
0:34 Loom
11:41 Feudal Age
15:59 Castle Age
14:22 Double-Bit Axe
15:31 Scale Mail Armor
17:09 Gold Mining
17:49 Forging
21:09 Chain Mail Armor
21:11 Squires
23:02 Bow Saw
22:41 Man-at-Arms
22:44 Eagle Warrior
26:40 Arson
27:23 Squires
30:17 Iron Casting
31:08 Iron Casting
34:43 Imperial Age
33:24 Wheelbarrow
36:05 Plate Mail Armor
36:35 Blast Furnace
35:53 Hand Cart
37:11 Blast Furnace
36:31 Elite Eagle Warrior
39:32 Conscription
40:25 Fletching
40:52 Thumb Ring
42:02 Holcans
41:10 Pikeman
42:39 Elite Plumed Archer
42:47 Halberdier
43:55 Bodkin Arrow
44:01 Padded Archer Armor
44:41 Bracer
44:46 Padded Archer Armor
46:32 Chemistry
45:53 Ballistics
45:34 Town Watch
46:16 Stone Mining
46:48 Leather Archer Armor
Connection lost

Rejoining the realm…

Still unreachable

The connection could not be restored.

Session expired

The server has moved on; the page needs a fresh start.